 Dungeon Crawl Stone Soup version 0.25-a0-294-gea9b1ad378 (webtiles) character file.

Game seed: 6880340237045426532, levelgen mode: deterministic

235 MoonlitKnight the Charmwright (level 6, -1/50 HPs)
             Began as a Gnoll Skald on Dec 18, 2019.
             Slain by a hobgoblin
             ... wielding a +0 club
              (6 damage)
             ... on level 2 of the Dungeon.
             The game lasted 00:02:43 (1288 turns).

MoonlitKnight the Charmwright (Gnoll Skald)         Turns: 1288, Time: 00:02:44

Health: -1/50      AC:  4    Str: 14    XL:     6   Next: 5%
Magic:  13/13      EV: 14    Int: 15    God:
Gold:   53         SH:  0    Dex: 16    Spells: 14/15 levels left

rFire    . . .     SeeInvis .   e - +0 halberd
rCold    . . .     Gourm    .   (shield currently unavailable)
rNeg     . . .     Faith    .   b - +0 leather armour
rPois    .         Spirit   .   (no helmet)
rElec    .         Reflect  .   (no cloak)
rCorr    .         Harm     .   f - +0 pair of gloves
MR       .....                  (no boots)
Stlth    ++........             (no amulet)
HPRegen  0.16/turn              (no ring)
MPRegen  0.13/turn              (no ring)

@: no status effects
A: distributed training, fangs 1, strong nose
a: no special abilities


You were on level 2 of the Dungeon.
You were not hungry.

You visited 1 branch of the dungeon, and saw 2 of its levels.

You collected 53 gold pieces.

Inventory:

Hand Weapons
 e - a +0 halberd (weapon)
 j - a +0 hunting sling
Armour
 b - a +0 leather armour (worn)
 f - a +0 pair of gloves (worn)
Jewellery
 a - an uncursed ring of resist corrosion {unknown}
 i - a +3 ring of intelligence {unknown}
Scrolls
 h - a scroll of magic mapping {unknown}
 l - a scroll of identify {unknown}
Potions
 g - 2 potions of heal wounds {unknown}
 k - a potion of degeneration {unknown}
Comestibles
 d - a ration


   Skills:
 + Level 4.9 Fighting
 + Level 1.7 Short Blades
 + Level 1.7 Long Blades
 + Level 1.7 Axes
 + Level 1.7 Maces & Flails
 + Level 4.9 Polearms
 + Level 1.7 Staves
 + Level 1.7 Slings
 + Level 1.7 Bows
 + Level 1.7 Crossbows
 + Level 1.7 Throwing
 + Level 3.1 Armour
 + Level 4.9 Dodging
 + Level 1.7 Stealth
 + Level 1.7 Shields
 + Level 1.7 Unarmed Combat
 + Level 5.2 Spellcasting
 + Level 1.3 Conjurations
 + Level 1.3 Hexes
 + Level 5.6 Charms
 + Level 1.3 Summonings
 + Level 1.3 Necromancy
 + Level 1.3 Translocations
 + Level 1.3 Transmutations
 + Level 1.3 Fire Magic
 + Level 1.3 Ice Magic
 + Level 1.3 Air Magic
 + Level 1.3 Earth Magic
 + Level 1.3 Poison Magic
 + Level 1.9 Invocations
 + Level 1.7 Evocations


You had 14 spell levels left.
You knew the following spells:

 Your Spells              Type           Power        Failure   Level  Hunger
a - Infusion              Chrm           ###.         1%          1    None

Your spell library contained the following spells:

 Spells                   Type           Power        Failure   Level  Hunger
 Song of Slaying          Chrm           ###.....     3%          2    ##.....
 Shroud of Golubria       Chrm/Tloc      ##....       7%          2    ##.....
 Regeneration             Chrm/Necr      ##........   14%         3    ###....
 Spectral Weapon          Hex/Chrm       ##......     14%         3    ###....


Dungeon Overview and Level Annotations

Branches:
Dungeon (2/15)

Altars:
Ashenzari
Fedhas
Gozag
Hepliaklqana
Makhleb
Nemelex Xobeh
Okawaru
Qazlal
Zin

Annotations:
D:2 1 runed translucent door, Crazy Yiuf


Innate Abilities, Weirdness & Mutations

Your experience applies equally to all skills.
You have very sharp teeth.
Your uncanny sense of smell can sniff out nearby items.


Message History

Your Summonings skill increases to level 1!
Your Necromancy skill increases to level 1!
Your Translocations skill increases to level 1!
Your Transmutations skill increases to level 1!
Your Fire Magic skill increases to level 1!
Your Ice Magic skill increases to level 1!
Your Air Magic skill increases to level 1!
Your Earth Magic skill increases to level 1!
Your Poison Magic skill increases to level 1!
You have reached level 5!
You have reached level 6!
Your experience leads to an increase in your attributes!
Increase (S)trength, (I)ntelligence, or (D)exterity?
You feel agile.
The hobgoblin hits you but does no damage.
You closely miss the hobgoblin. The hobgoblin closely misses you.
You hit the hobgoblin but do no damage.
You bite the hobgoblin, but do no damage.
The hobgoblin hits you with a +0 club.
You die...

##...#.#
#####......#
..........##
<..........# #
#........# #.
##.......#
#.###.......#
#.g...#..##.#
#..@..#..##.#
#..)......##.#
..[.....?....##..∆
.................
.........#.#.#..
##.......#.#.!..
_#.....#........
##...## ## ##


You could see a hobgoblin.

Vanquished Creatures
  Sigmund (D:2)
  A hound zombie (D:2)
  A gnoll (D:1)
  An adder (D:2)
  An ooze (D:1)
  2 dart slugs
  A leopard gecko (D:1)
  3 giant cockroaches (D:1)
  8 goblins
  4 hobgoblins (D:1)
  A kobold (D:1)
  A ball python (D:1)
  4 bats
  3 frilled lizards (D:1)
  5 rats
37 creatures vanquished.

Notes
Turn   | Place    | Note
-------+----------+-------------------------------------------
     0 | D:1      | MoonlitKnight the Gnoll Skald began the quest for the Orb.
     0 | D:1      | Reached XP level 1. HP: 20/20 MP: 6/6
    81 | D:1      | Reached XP level 2. HP: 11/26 MP: 7/7
   420 | D:1      | Reached XP level 3. HP: 31/31 MP: 9/9
   459 | D:1      | Reached skill level 5 in Spellcasting
   575 | D:1      | Reached skill level 1 in Invocations
   919 | D:2      | Reached skill level 1 in Short Blades
   919 | D:2      | Reached skill level 1 in Long Blades
   919 | D:2      | Reached skill level 1 in Axes
   919 | D:2      | Reached skill level 1 in Maces & Flails
   919 | D:2      | Reached skill level 1 in Staves
   919 | D:2      | Reached skill level 1 in Slings
   919 | D:2      | Reached skill level 1 in Bows
   919 | D:2      | Reached skill level 1 in Crossbows
   919 | D:2      | Reached skill level 1 in Throwing
   919 | D:2      | Reached skill level 1 in Stealth
   919 | D:2      | Reached skill level 1 in Shields
   919 | D:2      | Reached skill level 1 in Unarmed Combat
   919 | D:2      | Reached skill level 1 in Evocations
   919 | D:2      | Reached XP level 4. HP: 34/38 MP: 11/11
   983 | D:2      | Found a sparkling altar of Nemelex Xobeh.
   985 | D:2      | Found a blossoming altar of Fedhas.
   985 | D:2      | Found a hazy altar of Hepliaklqana.
   985 | D:2      | Found an opulent altar of Gozag.
   987 | D:2      | Found a glowing silver altar of Zin.
   989 | D:2      | Found a burning altar of Makhleb.
   989 | D:2      | Found an iron altar of Okawaru.
   996 | D:2      | Found a stormy altar of Qazlal.
  1028 | D:2      | Found a runed translucent door.
  1029 | D:2      | Noticed Crazy Yiuf
  1266 | D:2      | Noticed Sigmund
  1283 | D:2      | Found a shattered altar of Ashenzari.
  1286 | D:2      | Killed Sigmund
  1286 | D:2      | Reached skill level 1 in Conjurations
  1286 | D:2      | Reached skill level 1 in Hexes
  1286 | D:2      | Reached skill level 1 in Summonings
  1286 | D:2      | Reached skill level 1 in Necromancy
  1286 | D:2      | Reached skill level 1 in Translocations
  1286 | D:2      | Reached skill level 1 in Transmutations
  1286 | D:2      | Reached skill level 1 in Fire Magic
  1286 | D:2      | Reached skill level 1 in Ice Magic
  1286 | D:2      | Reached skill level 1 in Air Magic
  1286 | D:2      | Reached skill level 1 in Earth Magic
  1286 | D:2      | Reached skill level 1 in Poison Magic
  1286 | D:2      | Reached XP level 5. HP: 3/43 MP: 12/12
  1286 | D:2      | Reached XP level 6. HP: 4/50 MP: 13/13
  1288 | D:2      | Slain by a hobgoblin

Levels and vault maps discovered:
D:1:      sevenhm_arrival_forest_fort_large_2, layout_rooms,
          minmay_parallelograms, minmay_pentomino_w2
D:2:      layout_loops_ring, grunt_temple_overflow_open,
          ashenzari_conservatory_becter, first_ration, uniq_sigmund,
          uniq_crazy_yiuf_cottage

Skill      XL: |  1  2  3  4 |
---------------+-------------+-----
Spellcasting   | 5 |  5.2
Invocations    | 1 |  1.9
Short Blades   | 1 |  1.7
Long Blades    | 1 |  1.7
Axes           | 1 |  1.7
Maces & Flails | 1 |  1.7
Staves         | 1 |  1.7
Slings         | 1 |  1.7
Bows           | 1 |  1.7
Crossbows      | 1 |  1.7
Throwing       | 1 |  1.7
Stealth        | 1 |  1.7
Shields        | 1 |  1.7
Unarmed Combat | 1 |  1.7
Evocations     | 1 |  1.7
Armour         | 3 |  3.1
Conjurations   | 1 |  1.3
Hexes          | 1 |  1.3
Summonings     | 1 |  1.3
Necromancy     | 1 |  1.3
Translocations | 1 |  1.3
Transmutations | 1 |  1.3
Fire Magic     | 1 |  1.3
Ice Magic      | 1 |  1.3
Air Magic      | 1 |  1.3
Earth Magic    | 1 |  1.3
Poison Magic   | 1 |  1.3
Fighting       | |  4.9
Polearms       | |  4.9
Dodging        | |  4.9
Charms         | |  5.6

Action                   |  1- 3 |  4- 6 || total
-------------------------+-------+-------++-------
Melee: Spear             |    14 |       ||    14
       Halberd           |    75 |    31 ||   106
       Bite              |     5 |     1 ||     6
 Stab: Sleeping          |     3 |     1 ||     4
  Eat: Chunk             |       |     1 ||     1
Armor: Leather armour    |    18 |     5 ||    23
Dodge: Dodged            |    87 |    18 ||   105

Table legend:
 A = Non-vault XP
 B = Vault XP
 C = Vault XP percentage of total XP
 D = Non-vault monster count
 E = Vault monster count
 F = Vault count percentage of total count
                 A         B        C        D         E       F
            +---------+---------+-------+---------+---------+-------
      Total |     111 |     225 |  67.0 |      35 |       2 |   5.4
            +---------+---------+-------+---------+---------+-------
        D:1 |      65 |       2 |   3.0 |      27 |       1 |   3.6
        D:2 |      46 |     223 |  82.9 |       8 |       1 |  11.1
            +---------+---------+-------+---------+---------+-------
